EVO
PENNSYLVANIA STATE UNIVERSITY NITTANY LIONS @ CLEMSON UNIVERSITY TIGERS
10/02/2044
 
TOP OF THE 1ST
Pennsylvania State University Nittany Lions batting - Pitching for Clemson University Tigers : RHP Lance Brisson
Pitching: RHP Lance Brisson
Batting: RHB Chris Trites 0-0: Ball
1-0: Ball
2-0: Ball
3-0: Base on Balls
Batting: RHB Ben Burkholder 0-0: Called Strike
0-1: Ground out 5-3 (Groundball, 56S, EV 71.2 MPH)
Chris Trites to second
Batting: RHB Julian Gregory 0-0: Called Strike
0-1: Ball
1-1: Swinging Strike
1-2: SINGLE (Groundball, 6D, EV 98.1 MPH)
Chris Trites to third
Runner from 3rd tries for Home, SAFE, throw by CF to home
Julian Gregory to second
Batting: LHB Tyler Francis 0-0: Foul Ball, location: 2F
0-1: Ball
1-1: Ball
2-1: Foul Ball, location: 2F
2-2: DOUBLE (Flyball, 89XD, EV 108.8 MPH)
Julian Gregory scores
Batting: LHB Angel Oropeza 0-0: Foul Ball, location: 2F
0-1: Called Strike
0-2: Ball
1-2: Foul Ball, location: 2F
1-2: Ball
2-2: Ball
3-2: DOUBLE (Flyball, 89D, EV 99.4 MPH)
Tyler Francis scores
Batting: RHB Dave Fredericks 0-0: Ball
1-0: Foul Ball, location: 2F
1-1: Ball
2-1: Swinging Strike
2-2: Fly out, F8 (Flyball, 78S, EV 78.8 MPH)
Batting: RHB Brian Rogers 0-0: Called Strike
0-1: Ball
1-1: Ball
2-1: Ball
3-1: Foul Ball, location: 2F
3-2: 2-RUN HOME RUN (Flyball, 8LXD, EV 110.6 MPH), Distance : 431 ft
Batting: RHB Coen Dirks 0-0: Ball
1-0: Fly out, F9 (Flyball, 9, EV 94.4 MPH)
Top of the 1st over - 5 runs, 4 hits, 0 errors, 0 left on base; Pennsylvania State University 5 - Clemson University 0
BOTTOM OF THE 1ST
Clemson University Tigers batting - Pitching for Pennsylvania State University Nittany Lions : RHP Ju-wei Long
Pitching: RHP Ju-wei Long
Batting: LHB Nick Martin 0-0: Called Strike
0-1: Ball
1-1: Ball
2-1: Ground out 6-3 (Groundball, 6, EV 86.2 MPH)
Batting: RHB Wes Reynolds 0-0: Fly out, F3 (Popup, 3S, EV 64.4 MPH)
Batting: RHB Jaime Rios 0-0: Fly out, F3 (Line Drive, 3, EV 74.4 MPH)
Bottom of the 1st over - 0 runs, 0 hits, 0 errors, 0 left on base; Pennsylvania State University 5 - Clemson University 0
TOP OF THE 2ND
Pennsylvania State University Nittany Lions batting - Pitching for Clemson University Tigers : RHP Lance Brisson
Batting: RHB Roberto Torres 0-0: Called Strike
0-1: Ball
1-1: Ball
2-1: SINGLE (Line Drive, 9, EV 106.9 MPH)
Batting: RHB Chris Trites 0-0: Foul Ball, location: 2F
0-1: Swinging Strike
0-2: Ball
1-2: Ball
2-2: Foul Ball, location: 2F
2-2: Foul Ball, location: 2F
2-2: 2-RUN HOME RUN (Flyball, 7D, EV 99.4 MPH), Distance : 367 ft
Pitching: RHP Jose Lomas
Batting: RHB Ben Burkholder 0-0: Foul Ball, location: 2F
0-1: Ground out 1-3 (Groundball, 34S, EV 70.6 MPH)
Batting: RHB Julian Gregory 0-0: Ball
1-0: Foul Ball, location: 2F
1-1: Called Strike
1-2: Fly out, F4 (Popup, 4M, EV 58.8 MPH)
Batting: LHB Tyler Francis 0-0: Called Strike
0-1: Ball
1-1: Foul Ball, location: 2F
1-2: Foul Ball, location: 2F
1-2: Foul Ball, location: 2F
1-2: Ball
2-2: Ball
3-2: Foul Ball, location: 2F
3-2: Ground out 4-3 (Groundball, 4, EV 78.1 MPH)
Top of the 2nd over - 2 runs, 2 hits, 0 errors, 0 left on base; Pennsylvania State University 7 - Clemson University 0
BOTTOM OF THE 2ND
Clemson University Tigers batting - Pitching for Pennsylvania State University Nittany Lions : RHP Ju-wei Long
Batting: SHB Justin Hensley 0-0: Called Strike
0-1: Fly out, F7 (Line Drive, 7, EV 95.0 MPH)
Batting: RHB Leo Candelas 0-0: Called Strike
0-1: Foul Ball, location: 2F
0-2: Ball
1-2: Ball
2-2: Foul Ball, location: 2F
2-2: Hit by Pitch
Batting: LHB Pat Fontana 0-0: Ball
1-0: Ball
2-0: Fly out, F8 (Line Drive, 8RD, EV 93.8 MPH)
Batting: RHB Bartolo Aguilar 0-0: Ball
1-0: Called Strike
1-1: 2-RUN HOME RUN (Flyball, 7D, EV 102.5 MPH), Distance : 386 ft
Batting: RHB Ken Manser 0-0: Ball
1-0: Called Strike
1-1: Ball
2-1: Called Strike
2-2: Fly out, F8 (Flyball, 8RD, EV 105.6 MPH)
Bottom of the 2nd over - 2 runs, 1 hit, 0 errors, 0 left on base; Pennsylvania State University 7 - Clemson University 2
TOP OF THE 3RD
Pennsylvania State University Nittany Lions batting - Pitching for Clemson University Tigers : RHP Jose Lomas
Batting: LHB Angel Oropeza 0-0: Foul Ball, location: 2F
0-1: Ball
1-1: Ball
2-1: Ball
3-1: Swinging Strike
3-2: Foul Ball, location: 2F
3-2: Foul Ball, location: 2F
3-2: Ground out 4-3 (Groundball, 4, EV 85.0 MPH)
Batting: RHB Dave Fredericks 0-0: Ball
1-0: Ground out 6-3 (Groundball, 6, EV 99.4 MPH)
Batting: RHB Brian Rogers 0-0: Ground out 6-3 (Groundball, 6D, EV 103.1 MPH)
Top of the 3rd over - 0 runs, 0 hits, 0 errors, 0 left on base; Pennsylvania State University 7 - Clemson University 2
BOTTOM OF THE 3RD
Clemson University Tigers batting - Pitching for Pennsylvania State University Nittany Lions : RHP Ju-wei Long
Batting: LHB Ivan Castillo 0-0: Called Strike
0-1: Ball
1-1: Called Strike
1-2: Foul Ball, location: 2F
1-2: Foul Ball, location: 2F
1-2: SINGLE (Flyball, 56D, EV 89.4 MPH)
Batting: LHB Nick Martin 0-0: SINGLE (Groundball, 6M, EV 104.4 MPH) (infield hit)
Ivan Castillo to second
Batting: RHB Wes Reynolds 0-0: DOUBLE (Line Drive, 7LM, EV 103.8 MPH)
Ivan Castillo scores
Nick Martin to third
Batting: RHB Jaime Rios 0-0: Called Strike
0-1: Ball
1-1: Ball
2-1: Foul Ball, location: 2F
2-2: Foul Ball, location: 2F
2-2: Ball
3-2: Foul Ball, location: 2F
3-2: Base on Balls
Batting: SHB Justin Hensley 0-0: Ball
1-0: Foul Ball, location: 2F
1-1: Fly out, F8 (Flyball, 8LD, EV 91.2 MPH)
Runner from 3rd tags up, SCORES, throw by CF
Wes Reynolds to third
Batting: RHB Leo Candelas 0-0: Called Strike
0-1: Called Strike
0-2: 3-RUN HOME RUN (Flyball, 7D, EV 93.1 MPH), Distance : 368 ft
Pitching: RHP Edwin Marquez
Batting: LHB Pat Fontana 0-0: Ground out 6-3 (Groundball, 6, EV 100.6 MPH)
Batting: RHB Bartolo Aguilar 0-0: Called Strike
0-1: Ground out 5-3 (Groundball, 56, EV 108.1 MPH)
Bottom of the 3rd over - 5 runs, 4 hits, 0 errors, 0 left on base; Pennsylvania State University 7 - Clemson University 7
TOP OF THE 4TH
Pennsylvania State University Nittany Lions batting - Pitching for Clemson University Tigers : RHP Jose Lomas
Batting: RHB Coen Dirks 0-0: Ball
1-0: Swinging Strike
1-1: Ground out 6-3 (Groundball, 6, EV 110.0 MPH)
Batting: RHB Roberto Torres 0-0: Ball
1-0: Ball
2-0: Ball
3-0: Called Strike
3-1: Foul Ball, location: 2F
3-2: DOUBLE (Line Drive, 9LM, EV 98.1 MPH)
Batting: RHB Chris Trites 0-0: Foul Ball, location: 2F
0-1: Ball
1-1: Swinging Strike
1-2: Fly out, F9 (Flyball, 9S, EV 88.8 MPH)
Batting: RHB Ben Burkholder 0-0: Called Strike
0-1: Ball
1-1: Foul Ball, location: 2F
1-2: Fly out, F4 (Line Drive, 4, EV 66.9 MPH)
Top of the 4th over - 0 runs, 1 hit, 0 errors, 1 left on base; Pennsylvania State University 7 - Clemson University 7
BOTTOM OF THE 4TH
Clemson University Tigers batting - Pitching for Pennsylvania State University Nittany Lions : RHP Edwin Marquez
Batting: RHB Ken Manser 0-0: Called Strike
0-1: Ball
1-1: Ball
2-1: Ball
3-1: Foul Ball, location: 2F
3-2: Base on Balls
Batting: LHB Ivan Castillo 0-0: SINGLE (Groundball, 6MS, EV 95.6 MPH)
Ken Manser to second
Batting: LHB Nick Martin 0-0: Ball
1-0: Called Strike
1-1: Fielders Choice at 2nd, 4-6 (Groundball, 4, EV 80.6 MPH)
Ken Manser to third
Batting: RHB Wes Reynolds 0-0: Called Strike
0-1: Ball
1-1: Ball
Wild Pitch!
Ken Manser scores
Nick Martin to second
2-1: TRIPLE (Flyball, 78XD, EV 98.1 MPH)
Nick Martin scores
Batting: RHB Jaime Rios 0-0: Foul Ball, location: 2F
0-1: Ground out 5-3 (Groundball, 56S, EV 83.1 MPH)
Wes Reynolds scores
Batting: SHB Justin Hensley 0-0: Ball
1-0: Ball
2-0: Called Strike
2-1: Ball
3-1: Called Strike
3-2: Strikes out swinging
Bottom of the 4th over - 3 runs, 2 hits, 0 errors, 0 left on base; Pennsylvania State University 7 - Clemson University 10
TOP OF THE 5TH
Pennsylvania State University Nittany Lions batting - Pitching for Clemson University Tigers : RHP Jose Lomas
Batting: RHB Julian Gregory 0-0: Called Strike
0-1: Ball
1-1: Ball
2-1: DOUBLE (Groundball, 5L, EV 104.4 MPH)
Batting: LHB Tyler Francis 0-0: Ball
1-0: Ball
2-0: Ground out 6-3 (Groundball, 4M, EV 104.4 MPH)
Julian Gregory to third
Batting: LHB Angel Oropeza 0-0: Ball
1-0: Ball
2-0: Ground out 6-3 (Groundball, 4MD, EV 97.5 MPH)
Julian Gregory scores
Batting: RHB Dave Fredericks 0-0: Foul Ball, location: 2F
0-1: Swinging Strike
0-2: Ball
1-2: Foul Ball, location: 2F
1-2: Strikes out swinging
Top of the 5th over - 1 run, 1 hit, 0 errors, 0 left on base; Pennsylvania State University 8 - Clemson University 10
BOTTOM OF THE 5TH
Clemson University Tigers batting - Pitching for Pennsylvania State University Nittany Lions : RHP Edwin Marquez
Batting: RHB Leo Candelas 0-0: SOLO HOME RUN (Line Drive, 8RXD, EV 110.0 MPH), Distance : 456 ft
Pitching: RHP Mike Valdivia
Batting: LHB Pat Fontana 0-0: Ball
1-0: Fly out, F7 (Flyball, 78S, EV 88.8 MPH)
Batting: RHB Bartolo Aguilar 0-0: Fly out, F8 (Flyball, 8RM, EV 85.0 MPH)
Batting: RHB Ken Manser 0-0: Called Strike
0-1: Ball
1-1: Swinging Strike
1-2: Ball
2-2: Foul Ball, location: 2F
2-2: Strikes out swinging
Bottom of the 5th over - 1 run, 1 hit, 0 errors, 0 left on base; Pennsylvania State University 8 - Clemson University 11
TOP OF THE 6TH
Pennsylvania State University Nittany Lions batting - Pitching for Clemson University Tigers : RHP Jose Lomas
Pitching: RHP Kyle Moser
Batting: RHB Brian Rogers 0-0: Called Strike
0-1: Foul Ball, location: 2F
0-2: Ball
1-2: Foul Ball, location: 2F
1-2: Ball
2-2: Ball
3-2: Ground out 6-3 (Groundball, 6M, EV 92.5 MPH)
Batting: RHB Coen Dirks 0-0: Ball
1-0: Ball
2-0: Foul Ball, location: 2F
2-1: Foul Ball, location: 2F
2-2: Ball
3-2: Ground out U3 (Groundball, 3, EV 86.9 MPH)
Batting: RHB Roberto Torres 0-0: Swinging Strike
0-1: Ball
1-1: Ground out U3 (Groundball, 3L, EV 100.0 MPH)
Top of the 6th over - 0 runs, 0 hits, 0 errors, 0 left on base; Pennsylvania State University 8 - Clemson University 11
BOTTOM OF THE 6TH
Clemson University Tigers batting - Pitching for Pennsylvania State University Nittany Lions : RHP Mike Valdivia
Batting: LHB Ivan Castillo 0-0: Ball
1-0: Ball
2-0: Called Strike
2-1: SINGLE (Line Drive, 4M, EV 97.5 MPH)
Batting: LHB Nick Martin 0-0: Sac Bunt to 3S - play at first, batter OUT! 3-1
Ivan Castillo to second
Batting: RHB Wes Reynolds 0-0: Foul Ball, location: 2F
0-1: Ball
1-1: Ball
2-1: Called Strike
2-2: Ground out 4-3 (Groundball, 4, EV 95.6 MPH)
Ivan Castillo to third
Batting: RHB Jaime Rios 0-0: Ball
1-0: Fly out, F8 (Line Drive, 8LM, EV 95.6 MPH)
Bottom of the 6th over - 0 runs, 1 hit, 0 errors, 1 left on base; Pennsylvania State University 8 - Clemson University 11
TOP OF THE 7TH
Pennsylvania State University Nittany Lions batting - Pitching for Clemson University Tigers : RHP Kyle Moser
Now at 1B: Wes Reynolds
Now at 3B: Ken Manser
Now in RF: Pablo Serrato
Batting: RHB Chris Trites 0-0: Ground out 4-3 (Groundball, 4, EV 82.5 MPH)
Batting: RHB Ben Burkholder 0-0: Called Strike
0-1: SINGLE (Groundball, 4D, EV 98.8 MPH)
Batting: RHB Julian Gregory 0-0: Ball
1-0: Called Strike
1-1: Swinging Strike
1-2: Fly out, F5 (Popup, 5DF, EV 51.9 MPH)
Pitching: LHP Alex Shannon
Batting: LHB Tyler Francis 0-0: Foul Ball, location: 2F
0-1: Foul Ball, location: 2F
0-2: Ball
1-2: Strikes out swinging
Top of the 7th over - 0 runs, 1 hit, 0 errors, 1 left on base; Pennsylvania State University 8 - Clemson University 11
BOTTOM OF THE 7TH
Clemson University Tigers batting - Pitching for Pennsylvania State University Nittany Lions : RHP Mike Valdivia
Pitching: LHP Pat Mena
Batting: SHB Justin Hensley 0-0: SOLO HOME RUN (Flyball, 7D, EV 93.8 MPH), Distance : 366 ft
Batting: LHB Pablo Serrato 0-0: Swinging Strike
0-1: Ball
1-1: Ball
2-1: Foul Ball, location: 2F
2-2: Foul Ball, location: 2F
2-2: Ball
3-2: Strikes out looking
Batting: LHB Pat Fontana 0-0: Ball
1-0: Ball
2-0: DOUBLE (Line Drive, 8RXD, EV 110.0 MPH)
Batting: RHB Bartolo Aguilar 0-0: Called Strike
0-1: Swinging Strike
0-2: Strikes out swinging
Batting: RHB Ken Manser 0-0: Swinging Strike
0-1: Called Strike
0-2: Strikes out swinging
Bottom of the 7th over - 1 run, 2 hits, 0 errors, 1 left on base; Pennsylvania State University 8 - Clemson University 12
TOP OF THE 8TH
Pennsylvania State University Nittany Lions batting - Pitching for Clemson University Tigers : LHP Alex Shannon
Batting: LHB Angel Oropeza 0-0: Foul Ball, location: 2F
0-1: Swinging Strike
0-2: Ball
1-2: Strikes out swinging
Pitching: RHP Kyle Rindels
Batting: RHB Dave Fredericks 0-0: Foul Ball, location: 2F
0-1: Swinging Strike
0-2: Ball
1-2: Strikes out swinging
Batting: RHB Brian Rogers 0-0: Ball
1-0: Swinging Strike
1-1: Swinging Strike
1-2: Ball
2-2: Ball
3-2: SINGLE (Groundball, 56D, EV 100.0 MPH)
Batting: RHB Coen Dirks 0-0: Ball
1-0: Foul Ball, location: 2F
1-1: Foul Ball, location: 2F
1-2: Fly out, F2 (Popup, 25F, EV 90.0 MPH)
Top of the 8th over - 0 runs, 1 hit, 0 errors, 1 left on base; Pennsylvania State University 8 - Clemson University 12
BOTTOM OF THE 8TH
Clemson University Tigers batting - Pitching for Pennsylvania State University Nittany Lions : LHP Pat Mena
Pitching: RHP Antonio Reyes
Batting: LHB Ivan Castillo 0-0: Ball
1-0: Foul Ball, location: 2F
1-1: Reached on error, E6 (Groundball, 6, EV 89.4 MPH)
Batting: LHB Nick Martin 0-0: Swinging Strike
0-1: Sac Bunt to 15 - play at first, batter OUT! 1-3
Ivan Castillo to second
Batting: RHB Wes Reynolds 0-0: Ball
1-0: Foul Ball, location: 2F
1-1: Foul Ball, location: 2F
1-2: Fly out, F9 (Flyball, 9, EV 90.6 MPH)
Batting: RHB Jaime Rios 0-0: Fly out, F7 (Flyball, 7LM, EV 85.6 MPH)
Bottom of the 8th over - 0 runs, 0 hits, 1 error, 1 left on base; Pennsylvania State University 8 - Clemson University 12
TOP OF THE 9TH
Pennsylvania State University Nittany Lions batting - Pitching for Clemson University Tigers : RHP Kyle Rindels
Batting: RHB Roberto Torres 0-0: Ball
1-0: Ball
2-0: Foul Ball, location: 2F
2-1: Swinging Strike
2-2: Strikes out swinging
Batting: RHB Chris Trites 0-0: Ball
1-0: Fly out, F6 (Flyball, 5D, EV 95.6 MPH)
Batting: RHB Ben Burkholder 0-0: Ground out 4-3 (Groundball, 34, EV 106.2 MPH)
Top of the 9th over - 0 runs, 0 hits, 0 errors, 0 left on base; Pennsylvania State University 8 - Clemson University 12
Thursday, March 31st , 2022 - OOTP Baseball 22.12 Build 89